 Dungeon Crawl Stone Soup version 0.18-b1-18-g7758cf2 (webtiles) character file.

39 misterX the Sneak (level 3, -2/18 HPs)
             Began as a Spriggan Assassin on May 2, 2016.
             Slain by a gnoll
             ... wielding a +0 spear
              (5 damage)
             ... on level 2 of the Dungeon.
             The game lasted 00:11:42 (3657 turns).

misterX the Sneak (Spriggan Assassin)               Turns: 3657, Time: 00:11:43

Health: -2/18      AC:  3    Str:  7    XL:     3   Next: 26%
Magic:  4/4        EV: 17    Int: 13    God:
Gold:   27         SH:  0    Dex: 17    Spells: 0 memorised, 2 levels left

rFire  . . .     SeeInvis +     a - +2 dagger
rCold  . . .     Gourm    .     c - +0 robe
rNeg   . . .     Faith    .     (shield restricted)
rPois  .         Spirit   .     (helmet restricted)
rElec  .         Dismiss  .     d - +0 cloak
rCorr  .         Reflect  .     (gloves unavailable)
SustAt .         Harm     .     (boots unavailable)
MR     .....                    (no amulet)
Stlth  ++++......               (no ring)
                                (no ring)

@: very quick, not resistant to hostile enchantments, stealthy
A: unfitting armour, see invisible, herbivore 3, speed 3, slow metabolism 2
a: no special abilities


You were on level 2 of the Dungeon.
You were hungry.

You visited 1 branch of the dungeon, and saw 2 of its levels.

You collected 27 gold pieces.

Inventory:

Hand Weapons
 a - a +2 dagger (weapon)
 b - a +0 blowgun
 i - a cursed -1 dagger
 j - a +0 dagger
 n - a +0 short sword
 o - a +0 dagger
 q - a +0 dagger
Missiles
 e - 8 poisoned needles
 f - 2 curare-tipped needles
Armour
 c - a +0 robe (worn)
 d - a +0 cloak (worn)
Scrolls
 k - a scroll of magic mapping {unknown}
 m - a scroll of teleportation {unknown}
 p - a scroll of remove curse {unknown}
 r - a scroll of enchant armour {unknown}
 s - a scroll of recharging {unknown}
Potions
 h - a potion of brilliance {unknown}
 l - a potion of lignification {unknown}
 t - a potion of heal wounds {unknown}
Comestibles
 g - 2 bread rations


   Skills:
 + Level 1.7 Fighting
 + Level 2.3 Short Blades
 + Level 2.1 Throwing
 + Level 2.4 Dodging
 + Level 7.0 Stealth


You had 2 spell levels left.
You didn't know any spells.

Dungeon Overview and Level Annotations

Branches:
Dungeon (2/15)

Altars:


Innate Abilities, Weirdness & Mutations

You are tiny and cannot use many weapons and most armour.
You have supernaturally acute eyesight.
You are a herbivore.
You cover ground extremely quickly.
You need consume almost no food.


Message History

The gnoll is lightly wounded.
The gnoll hits you with a spear.
You hit the gnoll but do no damage.
The gnoll is lightly wounded.
The gnoll barely misses you. The gnoll misses you.
You hit the gnoll but do no damage.
The gnoll is lightly wounded.
The gnoll hits you from afar with a halberd!
Ouch! That really hurt!
* * * LOW HITPOINT WARNING * * *
The gnoll barely misses you. The gnoll closely misses you.
You hit the gnoll.
The gnoll is lightly wounded.
The gnoll closely misses you. The gnoll misses you.
The gnoll completely misses you.
You closely miss the gnoll.
The gnoll is lightly wounded.
The gnoll misses you. x2
The gnoll hits you from afar with a spear.
You die...

### #####...## #..
.....%...## #.#
###.......#### #.#
#.............
######.###.#.......###.
......................
#g.g..........#####.
#g.##.#....## ####
#@.##......####...
#..##.....).......
#...†.......###.##
##.####...#.# #. #..
...#.#.##
######...###.. #.##.#
##. # #.# #.# # ... ...


You could see 2 gnolls.

Vanquished Creatures
  2 giant geckos (D:1)
  5 bats (D:1)
  4 giant cockroaches
  5 goblins (D:1)
  5 hobgoblins (D:1)
  2 giant newts (D:1)
  5 kobolds (D:1)
  5 rats
33 creatures vanquished.

Notes
Turn   | Place    | Note
--------------------------------------------------------------
     0 | D:1      | misterX the Spriggan Assassin began the quest for the Orb.
     0 | D:1      | Reached XP level 1. HP: 10/10 MP: 2/2
   311 | D:1      | Reached skill level 6 in Stealth
   945 | D:1      | Reached XP level 2. HP: 10/14 MP: 3/3
  2261 | D:1      | Reached XP level 3. HP: 18/18 MP: 4/4
  2488 | D:1      | Reached skill level 7 in Stealth
  3657 | D:2      | Slain by a gnoll

Skill      XL: |  1  2  3 |
---------------+----------+-----
Stealth        | 6 7 |  7.0
Dodging        | 2 |  2.4
Fighting       | |  1.7
Short Blades   | |  2.3
Throwing       | |  2.1

Action                   || total
-------------------------++-------
Melee: Dagger            ||   122
 Stab: Sleeping          ||     7
Armor: Robe              ||    28
Dodge: Dodged            ||   105
